AoeStats
← TiedFuture91603

Arabia

509035274Analyzed
1v1 RM · 8d ago on Sep 25, 2026· 42m 35s· 2 players
Game mode
Random Map
Map size
Tiny (2 player)
Population
200
Speed
Normal
Resources
Standard
Victory
Conquest
Starting age
Dark Age
Ending age
Imperial Age
RankedLock teamsTeams togetherTeam positionsShared explorationLock speedFull tech treeHidden civsTurbo modeCheats
Victory
Defeat
🇨🇴 Bohemians · Colombia
868
+17
🇨🇳 Bohemians · China
896
-17
cdorozco
9:10 Loom
11:37 Feudal Age
14:26 Double-Bit Axe
15:45 Horse Collar
19:51 Castle Age
19:21 Fletching
22:07 Bodkin Arrow
24:07 Heavy Plow
24:18 Bow Saw
24:37 Forging
25:54 Crossbowman
29:27 Scale Barding Armor
29:58 Iron Casting
30:33 Chain Barding Armor
30:26 Husbandry
31:55 Fervor
32:56 Chemistry
33:30 Ballistics
36:01 Sanctity
36:08 Padded Archer Armor
38:56 Imperial Age
37:16 Wheelbarrow
39:40 Leather Archer Armor
41:13 Town Watch
41:45 Hand Cart
41:38 Siege Engineers
42:19 Bracer
TiedFuture91603
8:09 Loom
12:48 Feudal Age
13:23 Man-at-Arms
15:20 Scale Mail Armor
15:48 Town Watch
16:18 Forging
16:34 Arson
24:26 Fletching
24:37 Padded Archer Armor
27:25 Castle Age
25:18 Double-Bit Axe
28:08 Pikeman
29:05 Bodkin Arrow
32:29 Elite Skirmisher
38:38 Leather Archer Armor
39:01 Wheelbarrow
Connection lost

Rejoining the realm…

Still unreachable

The connection could not be restored.

Session expired

The server has moved on; the page needs a fresh start.